AoeStats
← king.

Fortress

509921817Analyzed
2v2 RM · 3d ago on Sep 28, 2026· 36m 35s· 4 players
Game mode
Random Map
Map size
Normal (6 player)
Population
200
Speed
Normal
Resources
Standard
Victory
Conquest
Starting age
Dark Age
Ending age
Imperial Age
RankedLock teamsTeams togetherTeam positionsShared explorationLock speedFull tech treeHidden civsTurbo modeCheats
Victory
Defeat
🇹🇷 Danes · Türkiye
852
+17
🇹🇷 Franks · Türkiye
827
+18
🇵🇪 Franks · Peru
927
-20
🇺🇦 Vietnamese · Ukraine
821
-15
LiL Dogga
0:28 Loom
7:37 Feudal Age
8:56 Wheelbarrow
8:07 Town Watch
8:04 Horse Collar
8:15 Double-Bit Axe
15:10 Castle Age
16:18 Heavy Plow
16:31 Bow Saw
18:19 Hand Cart
18:50 Ballistics
20:24 Fortified Wall
21:55 Gold Mining
24:14 Stone Mining
29:27 Imperial Age
28:40 Thumb Ring
27:56 Crossbowman
28:34 Fletching
28:45 Padded Archer Armor
28:18 Crossbowman
30:15 Bodkin Arrow
31:51 Arbalester
34:53 Crop Rotation
36:17 Two-Man Saw
36:24 Bracer
36:39 Leather Archer Armor
37:31 Chemistry
Wololo
7:22 Feudal Age
9:39 Double-Bit Axe
12:05 Gold Mining
15:35 Castle Age
18:19 Gold Shaft Mining
18:55 Forging
19:13 Stone Mining
19:37 Husbandry
21:49 Fletching
23:57 Padded Archer Armor
24:39 Ballistics
25:09 Pikeman
LordSNS
8:35 Feudal Age
10:37 Wheelbarrow
10:00 Double-Bit Axe
10:11 Horse Collar
10:32 Arson
13:40 Castle Age
12:51 Forging
12:42 Scale Mail Armor
17:16 Iron Casting
17:14 Chain Mail Armor
19:43 Bow Saw
21:16 Hand Cart
21:03 Heavy Plow
28:38 Gold Mining
28:44 Stone Mining
32:11 Imperial Age
29:29 Town Watch
29:32 Loom
32:21 Elite Jomsviking
33:26 Conscription
33:44 Hoardings
34:52 Blast Furnace
34:34 Plate Mail Armor
king.
7:55 Feudal Age
11:38 Wheelbarrow
10:56 Double-Bit Axe
14:11 Castle Age
15:21 Gold Mining
16:32 Stone Mining
17:31 Light Cavalry
30:06 Imperial Age
28:21 Hand Cart
28:51 Scale Mail Armor
30:13 Scale Barding Armor
30:49 Cavalier
Connection lost

Rejoining the realm…

Still unreachable

The connection could not be restored.

Session expired

The server has moved on; the page needs a fresh start.